 Dungeon Crawl Stone Soup version 0.27-a0-1147-gb3d8e82157 (webtiles) character file.

Game seed: 10582596547298105582

44 shoop the Digger (level 3, -4/26 HPs)
             Began as a Demigod Earth Elementalist on May 12, 2021.
             Slain by a worm (5 damage)
             ... on level 2 of the Dungeon.
             The game lasted 00:02:53 (2275 turns).

shoop the Digger (Demigod Earth Elementalist)       Turns: 2275, Time: 00:02:54

Health: -4/26      AC:  2    Str:  9    XL:     3   Next: 22%
Magic:  8/8        EV: 12    Int: 21    God:
Gold:   87         SH:  0    Dex: 14    Spells: 4/5 levels left

rFire    . . .     SeeInvis .   g - +0 short sword
rCold    . . .     Faith    .   (no shield)
rNeg     . . .     Spirit   .   c - +0 robe
rPois    .         Reflect  .   (no helmet)
rElec    .         Harm     .   (no cloak)
rCorr    .         Rampage  .   (no gloves)
Will     .....                  (no boots)
Stlth    ++........             (no amulet)
HPRegen  0.08/turn              (no ring)
MPRegen  0.11/turn              (no ring)

@: no status effects
A: high mp 1, forlorn
a: no special abilities


You were on level 2 of the Dungeon.
You visited 1 branch of the dungeon, and saw 3 of its levels.

You collected 87 gold pieces.

Inventory:

Hand Weapons
 d - a +0 club
 g - a +0 short sword (weapon)
Missiles
 a - 18 poisoned darts
Armour
 c - a +0 robe (worn)
Scrolls
 f - 2 scrolls of teleportation {unknown}
Potions
 e - a potion of curing {unknown}
 h - a potion of might {unknown}
 i - a potion of attraction {unknown}


   Skills:
 - Level 1.7 Dodging
 - Level 1.7 Stealth
 - Level 1.7 Spellcasting
 - Level 0.8 Transmutations
 + Level 4.1 Earth Magic


You had 4 spell levels left.
You knew the following spells:

 Your Spells              Type           Power      Damage    Failure   Level
a - Sandblast             Erth           38%        2d10      2%          1

Your spell library contained the following spells:

 Spells                   Type           Power      Damage    Failure   Level
 Passwall                 Tmut/Erth      10%        N/A       9%          2
 Stone Arrow              Conj/Erth      20%        3d8       19%         3
 Petrify                  Tmut/Erth      12%        N/A       47%         4
 Lee's Rapid Deconstruct  Erth           9%         3d8*      61%         5


Dungeon Overview and Level Annotations

Branches:
Dungeon (3/15)


Innate Abilities, Weirdness & Mutations

Your attributes grow dramatically as you level up.
You have an increased reservoir of magic. (+10% MP)
You shall have no god before yourself.


Message History

There is a stone staircase leading down here.
Found an escape hatch in the ceiling.
There is an escape hatch in the ceiling here.
A mysterious force pulls you upwards. The hatch slams shut behind you.
Things that are here:
a +0 club; a goblin skeleton A worm comes into view.
You hit the worm.
The worm is lightly wounded.
The worm bites you.
You hit the worm.
The worm is moderately wounded.
You hit the worm but do no damage.
The worm is moderately wounded.
The worm bites you.
You barely miss the worm.
The worm is moderately wounded.
The worm bites you!
You hit the worm.
The worm is moderately wounded.
You hit the worm.
The worm is heavily wounded.
The worm closely misses you.
You hit the worm.
The worm is heavily wounded.
The worm bites you.
You are too injured to fight recklessly!
You are too injured to fight recklessly!
You are too injured to fight recklessly!
You are too injured to fight recklessly!
You hit the worm.
The worm is heavily wounded.
You hit the worm but do no damage.
The worm is heavily wounded.
The worm bites you!
* * * LOW HITPOINT WARNING * * *
You hit the worm.
The worm is severely wounded.
The worm bites you.
You die...

...## #.. #...######..
#....##...÷. .##
###..........#
....###........##..#
#...........##...#
####....##........
######...#.###.##.##.#
#...w@.###.# #....##.#
....########.####.......
. .......<...####......
#...........÷.)......
################.....
#..... #..... ######


You could see a worm.

Vanquished Creatures
  2 dart slugs (D:3)
  2 orcs
  4 ball pythons
  5 bats
  An endoplasm (D:1)
  3 goblins
  2 hobgoblins (D:1)
  6 jackals
  3 quokkas (D:1)
  A frilled lizard (D:2)
  3 kobolds (D:1)
  A rat (D:1)
33 creatures vanquished.

Notes
Turn   | Place    | Note
-------+----------+-------------------------------------------
     0 | D:1      | shoop the Demigod Earth Elementalist began the quest for
                  | the Orb.
     0 | D:1      | Reached XP level 1. HP: 14/14 MP: 5/5
   408 | D:1      | Reached skill level 3 in Earth Magic
   603 | D:1      | Reached XP level 2. HP: 20/20 MP: 5/7
  1313 | D:2      | Reached XP level 3. HP: 25/26 MP: 3/8
  1401 | D:2      | Reached skill level 4 in Earth Magic
  2274 | D:2      | HP: 1/26 [worm (9)]
  2275 | D:2      | Slain by a worm

Illustrated notes

Levels and vault maps discovered:
D:1:      dpeg_arrival_arbitrary_c, layout_basic,
          chequers_ecumenical_altar_simple_redux, grunt_decor_fettered
D:2:      minmay_roachtagon, layout_rooms
D:3:      layout_loops_corners, moated_statue, uniq_ijyb

Skill      XL: |  1  2  3 |
---------------+----------+-----
Earth Magic    | 3 4 |  4.1
Dodging        | |  1.7
Stealth        | |  1.7
Spellcasting   | |  1.7
Transmutations | |  0.8

Action                   || total
-------------------------++-------
Melee: Unarmed           ||     4
       Short sword       ||    48
 Cast: Sandblast         ||    44
Armor: Robe              ||     6
Dodge: Dodged            ||    41

Table legend: (Time is in decaauts)
 A = Elapsed time spent in this place.
 B = Non-inter-level travel time spent in this place.
 C = Inter-level travel time spent in this place.
 D = Time resting spent in this place.
 E = Time spent auto-exploring this place.
 F = Levels seen in this place.
 G = Mean time per level.
                   A        B        C        D        E       F      G
               +--------+--------+--------+--------+--------+-----+--------+
         Total |   2279 |   2221 |     58 |    211 |   1781 |   3 |  759.7 |
       Dungeon |   2279 |   2221 |     58 |    211 |   1781 |   3 |  759.7 |
               +--------+--------+--------+--------+--------+-----+--------+

Top non-repeatable levels by time:
     D:1: 1259 daAuts
     D:3: 778 daAuts
     D:2: 241 daAuts
